 Dungeon Crawl Stone Soup version 0.26-a0-812-g31a745ddcd (webtiles) character file.

Game seed: 1295813606485805228

77711 sanka the Ninja (level 15, -8/73 HPs)
             Began as a Spriggan Enchanter on Nov 26, 2020.
             Was the Champion of Ru.
             Killed from afar by a smoke demon (38 damage)
             ... with a ball of steam
             ... summoned by an orc high priest
             ... on level 2 of the Orcish Mines.
             The game lasted 01:01:50 (30959 turns).

sanka the Ninja (Spriggan Enchanter)               Turns: 30959, Time: 01:01:51

Health: -8/73      AC:  8    Str:  4    XL:     15   Next: 16%
Magic:  0/25       EV: 33    Int: 30    God:    Ru [******]
Gold:   2339       SH:  0    Dex: 22    Spells: 4/26 levels left

rFire    x . .     SeeInvis +   a - +1 dagger (venom)
rCold    . . .     Faith    .   (shield restricted)
rNeg     . . .     Spirit   +   L - +1 robe {rC+}
rPois    .         Reflect  .   r - +2 hat
rElec    .         Harm     .   I - +2 cloak
rCorr    .         Rampage  .   (gloves unavailable)
MR       ++...                  (boots unavailable)
Stlth    ++++......             M - amulet of guardian spirit
HPRegen  0.22/turn              w - +6 ring of intelligence
MPRegen  0.19/turn              v - +6 ring of intelligence

@: liquid flames, glowing, studying Armour, lightly drained, very quick
A: very small, unfitting armour, see invisible, speed 3, no potion heal 1,
inability to use devices, hated by all, temperature sensitive
a: Draw Out Power, Power Leap, Apocalypse, Renounce Religion


You were on level 2 of the Orcish Mines.
You worshipped Ru.
Ru was exalted by your worship.
You visited 3 branches of the dungeon, and saw 19 of its levels.
You also visited: Bailey and Volcano.

You collected 2339 gold pieces.


Innate Abilities, Weirdness & Mutations

You are very small and have problems with some larger weapons.
You are too small for most types of armour.
You have supernaturally acute eyesight. (SInv)
You cover ground extremely quickly.
Potions are less effective at restoring your health.
You cannot study or use magical devices.
You are hated by all.
You are sensitive to extremes of temperature. (rF-, rC-)


   Skills:
 - Level 6.0(5.9) Fighting
 - Level 10.0(9.9) Short Blades
 - Level 15.0(14.9) Dodging
 O Level 27(26.9) Stealth
 + Level 6.4 Spellcasting
 + Level 10.2 Hexes


You had 4 spell levels left.
You knew the following spells:

 Your Spells              Type           Power        Failure   Level
j - Invisibility          Hex            ######..     12%         6
y - Dazzling Flash        Conj/Hex       #####.       1%          3
z - Ensorcelled Hibernat  Hex/Ice        #####.       1%          2
G - Silence               Hex/Air        #####.....   17%         5
N - Passwall              Tmut/Erth      #.......     8%          2
X - Confusing Touch       Hex            ######..     1%          3
Z - Corona                Hex            ######.      1%          1

Your spell library contained the following spells:

 Spells                   Type           Power        Failure   Level
 Slow                     Hex            ######..     1%          2
 Inner Flame              Hex/Fire       #####...     1%          3
 Portal Projectile        Hex/Tloc       #####.       1%          3
 Cause Fear               Hex            ######....   1%          4
 Pain                     Necr           #...         4%          1
 Leda's Liquefaction      Hex/Erth       #####.....   6%          4
 Swiftness                Air            #.......     8%          2
 Vampiric Draining        Necr           #.........   16%         3
 Passage of Golubria      Tloc           N/A          45%         4
 Agony                    Necr           #.......     80%         5
 Lee's Rapid Deconstruct  Erth           #.........   80%         5
 Conjure Ball Lightning   Conj/Air       #.........   100%        6
 Tornado                  Air            #.........   100%        9
 Tukima's Dance           Hex            Unusable     N/A         3
 Animate Skeleton         Necr           Unusable     N/A         1
 Animate Dead             Necr           Unusable     N/A         4
 Summon Lightning Spire   Summ/Air       Unusable     N/A         4

Inventory:

Hand Weapons
 a - a +1 dagger of venom (weapon)
 b - the +10 dagger of Zehilag {antimagic, Dex+3 SInv}

   It reduces the magical energy of the wielder, and disrupts the spells and
   magical abilities of those hit.
   Natural abilities and divine invocations are not affected.
   It affects your dexterity (+3).
   It lets you see invisible.
 z - a +4 quarterstaff of chaos
Missiles
 j - 45 poisoned darts (quivered)
 G - 5 curare-tipped darts {=f}
Armour
 r - a +2 hat (worn)
 I - a +2 cloak (worn)
 L - a +1 robe of cold resistance (worn)
Magical Staves
 K - an uncursed staff of air
Jewellery
 s - an uncursed ring of magical power
 v - a +6 ring of intelligence (right hand)
 w - a +6 ring of intelligence (left hand)
 M - an amulet of guardian spirit (around neck)
Scrolls
 c - 5 scrolls of identify {@r1}
 g - 12 scrolls of remove curse
 h - 6 scrolls of amnesia
 k - 9 scrolls of enchant weapon
 l - 9 scrolls of teleportation {@r4}
 n - 5 scrolls of fear
 o - 3 scrolls of blinking
 q - a scroll of immolation {!r}
 t - a scroll of magic mapping
 y - a scroll of torment {!r}
 D - a scroll of enchant armour
 H - 3 scrolls of silence {unknown}
 N - a scroll of noise {unknown}
Potions
 d - a potion of magic
 f - 13 potions of curing {@q1}
 i - 5 potions of berserk rage {!q}
 m - 4 potions of heal wounds {@q2}
 p - a potion of cancellation {unknown}
 u - 5 potions of haste {@q3}
 x - 3 potions of flight
 A - a potion of invisibility
 B - a potion of lignification {!q}
 E - 2 potions of mutation {!q}
 F - 2 potions of ambrosia
 J - 2 potions of brilliance {unknown}
Books
 e - a manual of Armour

Dungeon Overview and Level Annotations

Branches:
Dungeon (11/15)            Temple (0/1) D:4            Lair (6/6) D:9
  Swamp (0/4) Lair:4       Spider (0/4) Lair:4        Slime (0/5) Lair:6
    Orc (2/2) D:9             Elf (0/3) Orc:2        Bailey (visited)
Volcano (visited)

Altars:
Cheibriados
Dithmenos
Fedhas
Gozag
Hepliaklqana
Makhleb
Nemelex Xobeh
Qazlal
Ru
Sif Muna
Trog
Uskayaw
Vehumet
Yredelemnul
Zin
The Shining One
Beogh

Shops:
D:11 ?   Orc:2 ??

Annotations:
D:8 1 runed translucent door, Gruesome's ghost, novice TrBe

▒▒.......▒▒....▒▒▒▒▒).▒▒▒....
▒▒....▒..▒▒▒▒.▒▒▒▒.▒▒▒..▒▒▒..[
▒▒▒▒...▒▒▒...▒ ▒▒▒▒▒...▒▒▒..▒▒▒.<
.▒▒.▒.▒▒▒.▒..▒▒ ▒▒.▒[▒.▒▒▒..▒▒▒.
.......▒......▒ ▒▒...▒...▒▒▒[[▒▒▒
.).....)..▒...▒▒▒.[.▒▒▒...▒▒▒[[▒▒
.............▒▒▒.))▒▒ ▒▒...▒▒▒).▒
▒...........▒▒▒o3.▒▒ ▒▒[.......
▒▒........▒▒▒▒.4i▒▒ ▒▒...▒...
▒.........▒ ▒.▒.▒▒ ▒▒....▒.
.......▒.▒▒▒.... ▒▒....[
......▒.▒▒▒..... ▒▒..▒. .........
▒▒.... ▒▒...). ....... ▒▒.▒.▒
▒▒....▒[ ..▒.... ▒▒...▒ ▒▒...▒...
.▒..... ▒..5▒▒ ▒▒........ .......
▒..o▒▒ ▒▒o).▒▒▒..▒


You could see an orc high priest (confused, blind, extremely poisoned), an ice
devil (summoned) and a smoke demon (summoned).


Message History

The orc high priest appears confused.
The smoke demon gestures at you. The sticky flame hits you!
The fire burns you terribly!
You are covered in liquid flames!
Unknown command.
You hit the orc high priest but do no damage.
The orc high priest is poisoned.
You are covered in liquid flames!
An orc knight comes into view. It is wielding a +0 dire flail.
You are covered in liquid flames!
* * * LOW HITPOINT WARNING * * *
The orc knight roars a battlecry!
The smoke demon begins to attack, but is stunned by your will!
The ice devil completely misses you.
Items here: )) [[.
You hit the orc high priest but do no damage.
The orc high priest looks as sick as possible!
You are covered in liquid flames!
The orc high priest completely misses you.
You hit the orc high priest but do no damage.
The orc high priest looks as sick as possible!
The orc high priest is lightly wounded.
You are covered in liquid flames!
* * * LOW HITPOINT WARNING * * *
The smoke demon gestures at you. The ball of steam hits you!!!
The steam scalds you terribly!
Ouch! That really hurt!
You die...

Action                   |  1- 3 |  4- 6 |  7- 9 | 10-12 | 13-15 || total
-------------------------+-------+-------+-------+-------+-------++-------
Melee: Dagger            |    98 |   115 |   150 |   566 |   872 ||  1801
 Cast: Corona            |     5 |       |       |       |       ||     5
       Ensorcelled Hiber |    23 |    83 |    76 |   154 |   274 ||   610
       Confusing Touch   |       |       |     8 |    14 |    14 ||    36
       Dazzling Flash    |       |       |       |     4 |    48 ||    52
Invok: Sacrifice Resista |       |     1 |       |       |       ||     1
       Sacrifice Love    |       |       |     1 |       |       ||     1
       Sacrifice Artific |       |       |       |     1 |       ||     1
       Sacrifice Purity  |       |       |       |     1 |       ||     1
       Apocalypse        |       |       |       |     1 |       ||     1
  Use: Scroll            |       |       |    16 |     9 |       ||    25
 Stab: Sleeping          |    18 |    46 |    59 |   119 |   199 ||   441
       Invisible         |       |     4 |     1 |     9 |    49 ||    63
       Distracted        |       |     1 |       |     8 |    12 ||    21
       Confused          |       |       |     8 |    14 |    10 ||    32
       Paralysed         |       |       |       |       |     5 ||     5
Armor: Robe              |    10 |    18 |     9 |       |     3 ||    40
       Steam dragon scal |       |       |     4 |    32 |    44 ||    80
Dodge: Dodged            |    67 |   113 |   105 |   373 |   748 ||  1406
Block: Other             |       |       |    17 |    85 |    70 ||   172
       Reflection        |       |       |       |     7 |       ||     7

Levels and vault maps discovered:
D:1:      roderic_crossed_star, layout_basic, grunt_decor_clamped
D:2:      layout_loops_ring, lemuel_round_altar,
          chequers_temple_overflow_statue_of_worship, uniq_crazy_yiuf_cottage
D:3:      cheibrodos_old_hovel, layout_rooms, dancing_weapons_uskayaw,
          minitemple
D:4:      layout_rooms, temple_statues, serial_co_window_serial,
          co_window_paths_b, co_window_of_opportunity_a, co_window_paths_a,
          co_window_paths_a, co_window_paths_a, co_window_of_opportunity_a,
          co_window_paths_a, co_window_paths_b, co_window_corner_a,
          co_window_cross_2, co_window_corner_b, co_window_paths_c,
          co_window_4corner_b, glass_columns_c, glass_columns_c, glass_columns_a
D:5:      minmay_recursive_quarters, layout_layer_cave, cheibriados_altar_1
D:6:      layout_basic, grunt_temple_overflow_holy_war, uniq_duvessa
D:7:      layout_cave_pools, kennysheep_little_box, uniq_maggie, uniq_pikel
D:8:      kennysheep_steamy, layout_cave_pods, grunt_temple_overflow_opulence,
          lemuel_round_altar, gammafunk_ghost_grave, uniq_grum,
          uniq_prince_ribbit1, uniq_erica
D:9:      layout_roguey [special_room_orc], grunt_qazlal_clouds, fedhas_altar_2,
          david_lair_generic, enter_bailey_2, grunt_dithmenos_smoke
D:10:     layout_rooms, basic_altar, hangedman_decor_lopped, uniq_josephine,
          uniq_psyche
D:11:     layout_irregular_city, serial_shops, shop, uniq_sonja
Lair:1:   layout_cave_pods, minmay_lair_oklob_items
Lair:2:   layout_regular_city, serial_bayou_crossing, infiniplex_staircase_pool,
          uniq_nergalle
Lair:3:   layout_long_grid
Lair:4:   layout_gridlike, minmay_swamp_entry_worms, spider_nest_entry_a,
          lightli_volcano_entry_magma_tube
Lair:5:   layout_cave_pods
Lair:6:   grunt_lair_end_beastmaster, layout_cave_shapes, slime_dummy,
          gammafunk_lair_bear_cave, serial_bayou_shore_a
Orc:1:    orc_temple, layout_caves, basic_altar, nooodl_orcs_dogs, uniq_urug
Orc:2:    pf_orc_diabolical, layout_caves, nicolae_orc_lost_temple

Notes
Turn   | Place    | Note
-------+----------+-------------------------------------------
     0 | D:1      | sanka the Spriggan Enchanter began the quest for the Orb.
     0 | D:1      | Reached XP level 1. HP: 9/9 MP: 5/5
   351 | D:1      | Reached XP level 2. HP: 13/13 MP: 6/6
   364 | D:1      | Reached skill level 5 in Stealth
   483 | D:1      | Learned a level 2 spell: Ensorcelled Hibernation
  1263 | D:2      | Found a burning altar of Makhleb.
  1263 | D:2      | Found a glowing silver altar of Zin.
  1263 | D:2      | Found a sacrificial altar of Ru.
  1263 | D:2      | Found a radiant altar of Vehumet.
  1273 | D:2      | Became a worshipper of Ru the Awakened
  1277 | D:2      | Reached skill level 2 in Short Blades
  1908 | D:2      | Reached XP level 3. HP: 16/16 MP: 2/8
  2062 | D:2      | Found a shadowy altar of Dithmenos.
  2193 | D:4      | Found a staircase to the Ecumenical Temple.
  2371 | D:3      | Reached skill level 3 in Short Blades
  2371 | D:3      | Reached skill level 6 in Stealth
  2371 | D:3      | Reached XP level 4. HP: 21/21 MP: 9/9
  2535 | D:4      | Noticed an ogre
  2553 | D:4      | Killed an ogre
  2553 | D:4      | Reached skill level 4 in Short Blades
  2553 | D:4      | Reached skill level 7 in Stealth
  2553 | D:4      | Reached XP level 5. HP: 24/24 MP: 5/10
  2734 | D:3      | Gained mutation: You are sensitive to extremes of
                  | temperature. (rF-, rC-) [Ru sacrifice]
  2734 | D:3      | Reached * piety under Ru
  2734 | D:3      | Reached ** piety under Ru
  3003 | D:2      | Found a runed translucent door.
  3004 | D:2      | Noticed Crazy Yiuf
  3135 | D:2      | Learned a level 3 spell: Confusing Touch
  3748 | D:2      | Killed Crazy Yiuf
  3817 | D:3      | Found a hide-covered altar of Uskayaw.
  3817 | D:3      | Noticed a +0 hand axe
  3817 | D:3      | Noticed a +0 dagger
  4910 | D:3      | Reached skill level 8 in Stealth
  4910 | D:3      | Reached XP level 6. HP: 20/28 MP: 8/11
  5237 | D:3      | Found a shimmering blue altar of Sif Muna.
  5240 | D:3      | Reached skill level 5 in Short Blades
  5241 | D:3      | Found a snail-covered altar of Cheibriados.
  5378 | D:4      | Reached skill level 3 in Spellcasting
  5381 | D:4      | Reached skill level 4 in Hexes
  6315 | D:5      | Entered Level 5 of the Dungeon
  6362 | D:5      | Reached skill level 4 in Spellcasting
  6500 | D:5      | Reached skill level 5 in Hexes
  6584 | D:5      | Reached XP level 7. HP: 27/32 MP: 7/14
  6849 | D:5      | Reached skill level 6 in Hexes
  6990 | D:5      | Gained mutation: You are hated by all. [Ru sacrifice]
  6990 | D:5      | Reached *** piety under Ru
  6990 | D:5      | Reached **** piety under Ru
  7071 | D:6      | Found a basalt altar of Yredelemnul.
  7454 | D:6      | Reached skill level 7 in Hexes
  7480 | D:6      | Noticed Duvessa
  7480 | D:6      | Noticed Dowan
  7599 | D:6      | Killed Duvessa
  7601 | D:6      | Killed Dowan
  7601 | D:6      | Reached skill level 8 in Hexes
  7701 | D:5      | Got a warped dagger
  7702 | D:5      | Identified the +10 dagger of Zehilag {antimagic, Dex+3
                  | SInv} (You found it on level 5 of the Dungeon)
  7929 | D:5      | Found a snail-covered altar of Cheibriados.
  8265 | D:5      | Reached skill level 1 in Fighting
  8265 | D:5      | Reached XP level 8. HP: 37/37 MP: 15/15
  8738 | D:5      | Reached skill level 4 in Dodging
  9221 | D:6      | Found a glowing golden altar of the Shining One.
  9223 | D:6      | Noticed an angel
  9252 | D:7      | Identified +0 steam dragon scales
  9252 | D:7      | Noticed Maggie
  9275 | D:7      | Killed Maggie
  9275 | D:7      | Reached skill level 2 in Fighting
  9275 | D:7      | Reached skill level 6 in Dodging
  9666 | D:7      | Reached skill level 3 in Fighting
  9778 | D:7      | Reached skill level 7 in Dodging
  9890 | D:7      | Noticed Pikel
  9912 | D:7      | Killed Pikel
  9912 | D:7      | Reached skill level 8 in Dodging
  9912 | D:7      | Reached skill level 6 in Short Blades
  9912 | D:7      | Reached skill level 9 in Stealth
  9912 | D:7      | Reached XP level 9. HP: 38/44 MP: 9/16
 10178 | D:7      | Found a bloodstained altar of Trog.
 10283 | D:8      | Reached skill level 10 in Stealth
 10347 | D:8      | Noticed Erica
 10354 | D:8      | Killed Erica
 10354 | D:8      | Reached skill level 7 in Short Blades
 10354 | D:8      | Reached skill level 11 in Stealth
 10563 | D:8      | Learned a level 3 spell: Dazzling Flash
 10760 | D:8      | Noticed Grum
 10765 | D:8      | Reached skill level 8 in Short Blades
 10772 | D:8      | Reached skill level 12 in Stealth
 10780 | D:8      | Killed Grum
 10861 | D:8      | Found a runed translucent door.
 10861 | D:8      | Noticed Gruesome's ghost (novice TrBe)
 10883 | D:8      | Reached skill level 5 in Spellcasting
 10925 | D:8      | Noticed Prince Ribbit
 10930 | D:8      | Killed Prince Ribbit
 11099 | D:8      | Found a sparkling altar of Nemelex Xobeh.
 11100 | D:8      | Found an opulent altar of Gozag.
 11149 | D:8      | Reached XP level 10. HP: 49/49 MP: 14/19
 11372 | D:8      | Found a hazy altar of Hepliaklqana.
 11579 | D:8      | Identified +0 steam dragon scales
 11583 | D:8      | Reached skill level 9 in Hexes
 11682 | D:9      | Found a blossoming altar of Fedhas.
 11690 | D:9      | Gained mutation: You cannot study or use magical devices.
                  | [Ru sacrifice]
 11690 | D:9      | Reached ***** piety under Ru
 11732 | D:9      | Found a flagged portal.
 11740 | Bailey   | Entered a bailey
 11808 | Bailey   | Reached skill level 6 in Spellcasting
 11897 | Bailey   | Noticed an orc knight
 11961 | Bailey   | Killed an orc knight
 11961 | Bailey   | Reached skill level 10 in Hexes
 12237 | Bailey   | Reached skill level 9 in Dodging
 12452 | D:9      | Reached skill level 4 in Fighting
 12782 | D:9      | Found a staircase to the Lair.
 12782 | D:9      | Noticed a death yak
 12782 | D:9      | Noticed an elephant
 12800 | D:9      | Killed an elephant
 12800 | D:9      | Reached skill level 10 in Dodging
 12815 | D:9      | Reached skill level 5 in Fighting
 12835 | D:9      | Killed a death yak
 12848 | D:9      | Found a shadowy altar of Dithmenos.
 12876 | D:9      | Reached skill level 11 in Dodging
 12876 | D:9      | Reached XP level 11. HP: 54/56 MP: 1/21
 13022 | D:9      | Found a stormy altar of Qazlal.
 13192 | D:9      | Noticed a two-headed ogre
 13200 | D:9      | Killed a two-headed ogre
 13400 | D:9      | Noticed a centaur warrior
 13401 | D:9      | Found a staircase to the Orcish Mines.
 13408 | D:9      | Killed a centaur warrior
 13408 | D:9      | Reached skill level 6 in Fighting
 13408 | D:9      | Reached skill level 12 in Dodging
 13531 | D:10     | Entered Level 10 of the Dungeon
 13557 | D:10     | Noticed a two-headed ogre
 13581 | D:10     | Killed a two-headed ogre
 13727 | D:10     | Found a bloodstained altar of Trog.
 13821 | D:10     | Noticed Josephine
 13824 | D:10     | Killed Josephine
 13841 | D:10     | Reached skill level 13 in Stealth
 13925 | D:10     | Gained mutation: Potions are less effective at restoring
                  | your health. [Ru sacrifice]
 13925 | D:10     | Reached ****** piety under Ru
 13935 | D:10     | Noticed Psyche
 13939 | D:10     | Killed Psyche
 13939 | D:10     | Reached skill level 9 in Short Blades
 14263 | D:11     | Reached skill level 13 in Dodging
 14501 | D:11     | Noticed an unseen horror
 14508 | D:11     | Killed an unseen horror
 14898 | D:11     | Noticed Sonja
 14904 | D:11     | Killed Sonja
 14904 | D:11     | Reached skill level 14 in Stealth
 14904 | D:11     | Reached XP level 12. HP: 61/61 MP: 22/22
 14942 | D:11     | Found Qugrejew's Magic Scroll Emporium.
 14992 | D:11     | Reached skill level 10 in Short Blades
 15121 | D:11     | Noticed a two-headed ogre
 15131 | D:11     | Killed a two-headed ogre
 15131 | D:11     | Reached skill level 14 in Dodging
 15493 | Lair:1   | Entered Level 1 of the Lair of Beasts
 16987 | Lair:1   | Reached skill level 15 in Stealth
 17222 | Lair:2   | Reached skill level 15 in Dodging
 17224 | Lair:2   | Noticed Nergalle
 17296 | Lair:1   | Killed Nergalle
 17481 | Lair:2   | Reached skill level 16 in Stealth
 17602 | Lair:4   | Reached skill level 17 in Stealth
 17744 | Lair:4   | Noticed a six-headed hydra
 17809 | Lair:4   | Reached skill level 18 in Stealth
 17832 | Lair:4   | Noticed a seven-headed hydra
 17835 | Lair:4   | Killed a seven-headed hydra
 17934 | Lair:4   | Found a hole to the Spider Nest.
 18081 | Lair:4   | Reached XP level 13. HP: 31/65 MP: 2/23
 18083 | Lair:4   | Found a dark tunnel.
 18182 | Volcano  | Entered a volcano
 18393 | Lair:4   | Reached skill level 19 in Stealth
 19061 | Lair:4   | Found a staircase to the Swamp.
 19313 | Lair:3   | Reached skill level 20 in Stealth
 19407 | Lair:3   | Got an opalescent robe
 19418 | Lair:3   | Identified the +1 robe of the Orcish Mines {+Inv Stlth+}
                  | (You found it on level 3 of the Lair of Beasts)
 20886 | Lair:5   | Reached skill level 21 in Stealth
 21531 | Lair:5   | Reached skill level 22 in Stealth
 22710 | Lair:6   | Entered Level 6 of the Lair of Beasts
 22772 | Lair:6   | Reached skill level 23 in Stealth
 22780 | Lair:6   | Reached XP level 14. HP: 51/70 MP: 1/24
 22840 | Lair:5   | HP: 6/70 [elephant (41)]
 23642 | Lair:6   | Found a staircase to the Slime Pits.
 23663 | Lair:6   | Reached skill level 24 in Stealth
 24302 | Lair:6   | Reached skill level 25 in Stealth
 25008 | Orc:1    | Entered Level 1 of the Orcish Mines
 25031 | Orc:1    | Noticed an orc warlord
 25199 | Orc:1    | Killed an orc warlord
 25841 | Orc:1    | Found a roughly hewn altar of Beogh.
 26390 | Orc:1    | Found a roughly hewn altar of Beogh.
 26421 | Orc:1    | Noticed Urug
 26437 | Orc:1    | Killed Urug
 26437 | Orc:1    | Reached skill level 26 in Stealth
 26698 | Orc:1    | Noticed an orc warlord
 26710 | Orc:1    | Killed an orc warlord
 27868 | Orc:2    | Entered Level 2 of the Orcish Mines
 27968 | Orc:2    | Found a roughly hewn altar of Beogh.
 27995 | Orc:2    | Found a staircase to the Elven Halls.
 28007 | Orc:2    | Found Wuvimue's Magic Scroll Boutique.
 28009 | Orc:2    | Found Saik's Magic Scroll Shop.
 28896 | Orc:2    | Reached XP level 15. HP: 31/73 MP: 6/25
 30392 | Orc:2    | Reached skill level 27 in Stealth
 30402 | Orc:2    | Learned a level 6 spell: Invisibility
 30408 | Orc:2    | Learned a level 5 spell: Silence
 30411 | Orc:2    | Learned a level 2 spell: Passwall
 30959 | Orc:2    | Killed from afar by a smoke demon

Vanquished Creatures
  2 orc warlords (Orc:1)
  An ettin (Orc:1)
  Josephine (D:10)
  7 hydras
  Erica (D:8)
  A catoblepas (Lair:6)
  4 two-headed ogres
  A centaur warrior (D:9)
  2 orc high priests
  10 death yaks
  A deep troll shaman (Lair:6)
  Nergalle (Lair:1)
  Urug (Orc:1)
  Sonja (D:11)
  2 sun demons (Orc:2)
  2 soul eaters (Orc:2)
  An unseen horror (D:11)
  A gelid demonspawn (Orc:2)
  Pikel (D:7)
  6 orc knights
  2 orc sorcerers (Orc:1)
  An oklob plant (Lair:1)
  29 elephants
  3 black mambas
  3 centaur skeletons
  11 cane toads
  Maggie (D:7)
  Psyche (D:10)
  3 rime drakes
  9 komodo dragons
  A red devil (Orc:2)
  A jumping spider (Lair:4)
  2 hornets
  5 polar bears (Lair:6)
  2 trolls
  A tyrant leech (Lair:4)
  4 slime creatures (D:11)
  4 dream sheep (Lair:5)
  32 blink frogs
  Prince Ribbit (D:8)
  A redback (Lair:4)
  21 yaks
  A ynoxinul (Orc:2)
  5 wraiths (D:10)
  5 basilisks
  A wyvern (Lair:4)
  2 steam dragons (D:8)
  Grum (D:8)
  8 wargs
  3 swamp worms (Lair:4)
  13 water moccasins
  Duvessa (D:6)
  2 ice beasts
  A black bear (Lair:6)
  57 orc warriors
  2 phantoms
  6 sky beasts
  A necrophage (D:11)
  13 wolves
  An eye of draining (D:11)
  9 ogres
  3 centaurs
  A big kobold (D:11)
  13 bullfrogs
  Dowan (D:6)
  4 scorpions
  5 killer bees (D:11)
  4 electric eels
  2 howler monkeys (D:7)
  A centaur zombie (D:8)
  A bullfrog zombie (D:11)
  27 orc priests
  4 jellies
  Crazy Yiuf (D:2)
  3 hounds
  A bullfrog skeleton (D:10)
  4 iguanas
  26 orc wizards
  5 hell rats (Lair:5)
  4 worker ants
  A killer bee zombie (D:8)
  4 gnolls (D:5)
  11 adders
  3 shadow imps
  A white imp (D:9)
  An ufetubus (D:5)
  An ooze (D:3)
  An adder zombie (D:5)
  2 adder skeletons
  3 worms (D:2)
  3 dart slugs
  5 leopard geckos
  115 orcs
  5 bats
  4 giant cockroaches
  6 goblins
  6 hobgoblins
  11 jackals
  4 quokkas
  4 ball pythons
  5 frilled lizards
  11 kobolds
  A leopard gecko zombie (D:7)
  2 quokka skeletons
  11 rats
  A bush (Lair:1)
649 creatures vanquished.

Vanquished Creatures (others)
  A yak (Lair:4)
  A sky beast (D:9)
  A hell rat (Lair:5)
  3 orcs
  21 fungi
  45 plants
  2 withered plants (D:8)
74 creatures vanquished.

Grand Total: 723 creatures vanquished
